 Dungeon Crawl Stone Soup version 0.31.0-11-ge490571c62 (webtiles) character file.

Game seed: 3053383118364555202

3126 hooplebogart the Protected (level 9, -6/81 HPs)
             Began as a Minotaur Berserker on Jan 26, 2024.
             Was an Elder of Trog.
             Shot with an arrow by a centaur warrior (10 damage)
             ... on level 9 of the Dungeon on Jan 27, 2024.
             The game lasted 00:57:09 (8448 turns).

hooplebogart the Protected (Minotaur Berserker)     Turns: 8448, Time: 00:57:09

Health: -6/81      AC: 18    Str: 26    XL:     9   Next: 61%
Magic:  8/8        EV: 12    Int:  4    God:    Trog [****..]
Gold:   434        SH:  0    Dex: 10    Spells: 8/8 levels left

rFire   . . .        E - +4 great sword
rCold   . . .        (shield currently unavailable)
rNeg    . . .        a - +3 ring mail
rPois   .            v - +2 hat
rElec   .            p - +0 cloak
rCorr   +            (no gloves)
SInv    .            J - +0 pair of boots
Will    ++...        (no amulet)
Stlth   +            y - +4 ring of protection
HPRegen 1.33/turn    q - ring of resist corrosion
MPRegen 0.11/turn

%: no passive effects
@: strong-willed, regenerating
A: horns 2, retaliatory headbutt
a: Renounce Religion, Berserk, Trog's Hand, Brothers in Arms


You were on level 9 of the Dungeon.
You worshipped Trog.
Trog was greatly pleased with you.
You visited 2 branches of the dungeon, and saw 10 of its levels.

You collected 434 gold pieces.

Inventory:

Hand Weapons
 E - a +4 great sword (weapon)
 F - a +3 trident of freezing
Missiles
 b - 4 throwing nets
 G - 19 poisoned darts (quivered)
Armour
 a - a +3 ring mail (worn)
 p - a +0 cloak (worn)
 v - a +2 hat (worn)
 D - an orb of mayhem
 J - a +0 pair of boots (worn)
Jewellery
 g - a ring of protection from fire
 q - a ring of resist corrosion (right hand)
 y - a +4 ring of protection (left hand)
Talismans
 j - a flux talisman
Wands
 u - a wand of polymorph (12)
 x - a wand of roots (8)
 H - a wand of acid (12)
Scrolls
 c - 7 scrolls of identify
 d - 3 scrolls of teleportation {unknown}
 e - a scroll of summoning {unknown}
 f - 2 scrolls of amnesia
 k - a scroll of fear {unknown}
 l - a scroll of revelation {unknown}
 m - a scroll of fog {unknown}
 s - a scroll of poison {unknown}
 I - a scroll of vulnerability {unknown}
Potions
 h - a potion of invisibility {unknown}
 i - 4 potions of ambrosia
 n - 2 potions of degeneration {unknown}
 o - a potion of haste {unknown}
 r - a potion of resistance {unknown}
 t - a potion of brilliance {unknown}
 w - 2 potions of curing
 A - a potion of might
 C - a potion of enlightenment {unknown}


   Skills:
 * Level 8.0 Fighting
 * Level 3.4 Long Blades
 - Level 8.2(9.0) Axes
 - Level 5.4(7.6) Maces & Flails
 * Level 8.6 Armour
 * Level 5.8 Dodging
 - Level 1.3 Stealth


You had 8 spell levels left.
You didn't know any spells.
Your spell library was empty.

Dungeon Overview and Level Annotations

Branches:
Dungeon (9/15)             Temple (1/1) D:6
   Lair: D:8-11         Orc: D:9-12

Altars:
Cheibriados
Elyvilon
Fedhas
Gozag
Hepliaklqana
Kikubaaqudgha
Makhleb
Nemelex Xobeh
Okawaru
Qazlal
Ru
Sif Muna
Trog
Uskayaw
Vehumet
Zin
The Shining One

Shops:
D:1 (   D:2 ?=(   D:5 !::   D:8 [

Annotations:
D:3 exclusion: oklob plant


Innate Abilities, Weirdness & Mutations

You have a pair of horns on your head.
You reflexively headbutt those who attack you in melee.


Message History

HP restored.
There is a stone staircase leading down here.
Unknown command.
You climb downwards.
There is a stone staircase leading up here.
A centaur warrior comes into view.
The orc hits you with a +0 flail.
The centaur warrior wields a +0 orcbow.
The centaur warrior shoots an arrow.
The arrow hits you!
You slash the orc!
You kill the orc!
Trog accepts your kill.
The centaur warrior shoots an arrow.
The arrow barely misses you.
The centaur warrior shoots an arrow.
The arrow hits you but does no damage. The steam dragon breathes steam at you.
The ball of steam misses you.
You barely miss the steam dragon.
The steam dragon is lightly wounded.
You are engulfed in a cloud of scalding steam.
The centaur warrior shoots an arrow.
The arrow hits you!
The steam dragon barely misses you. x2; The centaur warrior shoots an arrow.
The arrow hits you.
You slash the steam dragon! You headbutt the steam dragon!
The steam dragon is severely wounded.
You are engulfed in a cloud of scalding steam.
The centaur warrior shoots an arrow.
The arrow hits you!
The steam dragon bites you but does no damage.
The steam dragon claws you but does no damage.
The centaur warrior shoots an arrow.
The arrow hits you!
* * * LOW HITPOINT WARNING * * *
The steam dragon closely misses you. You furiously retaliate!
You headbutt the steam dragon!
You kill the steam dragon!
Trog accepts your kill.
Your Fighting skill increases to level 8!
The centaur warrior shoots an arrow.
The arrow hits you!
* * * LOW HITPOINT WARNING * * *
Your skin crawls.
You feel strong-willed.
The centaur warrior shoots an arrow.
The arrow hits you!
You die...

#.. ## ..# .. . ..
.# ...# ####c
.#....<
#..?#####.....#
#......)o## ..#
#...####..#...#.
#...# #).......
#.###..@####..###.##
#.......#.........#
######..)...#######
#...#<#.# #.#####.#
#. ..# ## ###


You could see a centaur warrior.

Vanquished Creatures
  Prince Ribbit (D:5)
  Grinder (D:5)
  3 yaks (D:8)
  A steam dragon (D:9)
  A sky beast (D:7)
  2 black bears
  A centaur (D:5)
  An ogre (D:5)
  A phantom (D:5)
  A kobold brigand (D:7)
  3 scorpions
  6 wights (D:7)
  A howler monkey (D:8)
  3 bombardier beetles
  Crazy Yiuf (D:5)
  6 orc priests
  5 hounds
  A sleepcap (D:4)
  An iguana (D:5)
  11 orc wizards
  8 gnolls
  7 adders
  A white imp (D:5)
  4 dart slugs
  A ribbon worm (D:3)
  36 orcs
  4 bats
  10 endoplasms
  6 giant cockroaches
  9 goblins
  10 hobgoblins
  15 kobolds
  4 quokkas
  8 ball pythons
  4 frilled lizards
  7 rats
185 creatures vanquished.

Vanquished Creatures (others)
  2 orcs
2 creatures vanquished.

Grand Total: 187 creatures vanquished

Notes
Turn   | Place    | Note
-------+----------+-------------------------------------------
     0 | D:1      | hooplebogart the Minotaur Berserker began the quest for the
                  | Orb.
     0 | D:1      | Reached XP level 1. HP: 19/19 MP: 0/0
   133 | D:1      | Reached XP level 2. HP: 27/27 MP: 1/1
   498 | D:1      | Found Teiwiunawe's Weapon Shop.
   745 | D:2      | Found a faded altar of an unknown god.
   747 | D:2      | Reached XP level 3. HP: 33/33 MP: 2/2
   753 | D:2      | Found Zodeuneo's Jewellery Shop.
   757 | D:2      | Reached ** piety under Trog
  1011 | D:2      | Found Awoddad's Weapon Shoppe.
  1203 | D:2      | Found Goanauk's Magic Scroll Boutique.
  1730 | D:3      | Reached XP level 4. HP: 31/41 MP: 3/3
  2057 | D:3      | Reached skill level 5 in Axes
  2063 | D:3      | Reached skill level 5 in Fighting
  2512 | D:3      | Reached XP level 5. HP: 42/48 MP: 4/4
  2517 | D:3      | Reached *** piety under Trog
  2695 | D:3      | Found a blossoming altar of Fedhas.
  2718 | D:3      | Noticed an oklob plant
  3004 | D:4      | Reached skill level 1 in Stealth
  3004 | D:4      | Reached XP level 6. HP: 53/56 MP: 5/5
  3332 | D:4      | Found a glowing golden altar of the Shining One.
  3332 | D:4      | Found a white marble altar of Elyvilon.
  3395 | D:4      | Reached XP level 7. HP: 24/61 MP: 6/6
  3615 | D:4      | Reached skill level 5 in Armour
  3735 | D:4      | Found a sparkling altar of Nemelex Xobeh.
  3888 | D:5      | Entered Level 5 of the Dungeon
  3900 | D:5      | Found Qep Bun's Book Shop.
  3908 | D:5      | Found a glowing silver altar of Zin.
  3947 | D:5      | Noticed Prince Ribbit
  3976 | D:5      | Killed Prince Ribbit
  4168 | D:5      | Noticed Grinder
  4181 | D:5      | Paralysed by Grinder for 5 turns
  4190 | D:5      | Killed Grinder
  4191 | D:5      | Reached XP level 8. HP: 43/71 MP: 7/7
  4346 | D:5      | Found a runed translucent door.
  4347 | D:5      | Noticed Crazy Yiuf
  4381 | D:5      | Found Noani's Book Shop.
  4490 | D:5      | Reached skill level 1 in Maces & Flails
  4507 | D:5      | Reached **** piety under Trog
  4911 | D:5      | Found Darhayb's Distillery.
  5320 | D:5      | Found a sacrificial altar of Ru.
  5451 | D:5      | Killed Crazy Yiuf
  5712 | D:6      | Found a staircase to the Ecumenical Temple.
  6143 | Temple   | Entered the Ecumenical Temple
  6290 | D:7      | Reached skill level 5 in Maces & Flails
  6303 | D:7      | Reached XP level 9. HP: 62/75 MP: 8/8
  6700 | D:7      | Reached skill level 1 in Long Blades
  6985 | D:7      | Reached skill level 5 in Dodging
  7329 | D:7      | Found a bloodstained altar of Trog.
  7779 | D:8      | Found Uviz's Antique Armour Shop.
  8443 | D:9      | Noticed a centaur warrior
  8447 | D:9      | HP: 3/81 [centaur warrior/arrow (10)]
  8448 | D:9      | Shot with an arrow by a centaur warrior

Illustrated notes

Levels and vault maps discovered:
D:1:      dpeg_arrival_rooms_with_view, layout_loops_ring, serial_shops,
          nicolae_diamond_shop
D:2:      layout_basic, serial_shops, shop, shop,
          nicolae_shop_just_a_little_nook, basic_ecumenical_altar,
          kennysheep_boxes
D:3:      layout_loops_ring, tgw_fedhas, minmay_fountain_box, corexii_shack,
          hangedman_decor_slide_cut, chequers_serial_rivers_micro_c,
          dreamdust_mushroom_princess
D:4:      layout_rooms, nemelex_dance_club_becter,
          gammafunk_temple_overflow_elements
D:5:      layout_layer_cave, nicolae_overflow_hidden_temple,
          mainiacjoe_overflow_tiny_flanked, serial_shops, shop,
          nicolae_shop_gibbet_a_chance, shop, st_stairs_8, uniq_grinder,
          uniq_prince_ribbit1, uniq_crazy_yiuf_cottage
D:6:      layout_rooms, minmay_temple_entry_nine_rooms
D:7:      layout_loops_cross, trog_hazing_becter
D:8:      layout_cave_pods, kennysheep_mini, nicolae_wu_jian_wuxing_cycle,
          xom_confusion_cloud, serial_shops, nicolae_inconvenience_store
D:9:      layout_basic, nicolae_overflow_two_pavilions, orc_0_dummy
Temple:   hellmonk_temple_micro_hex

Skill      XL: |  1  2  3  4  5  6  7  8  9 |
---------------+----------------------------+-----
Fighting       | 4 5 6 8 |  8.0
Axes           | 4 5 6 8 |  8.2
Armour         | 3 4 6 7 8 |  8.6
Dodging        | 3 4 5 |  5.8
Stealth        | 1 |  1.3
Maces & Flails | 5 |  5.4
Long Blades    | 3 |  3.4

Action                     |  1- 3 |  4- 6 |  7- 9 || total
---------------------------+-------+-------+-------++-------
  Melee: Hand axe          |    77 |   143 |    56 ||   276
         Headbutt          |     7 |    26 |    43 ||    76
         Punch             |       |     1 |     2 ||     3
         Flail             |       |       |   112 ||   112
         Great sword       |       |       |    81 ||    81
 Invoke: Berserk           |       |       |     1 ||     1
         Trog's Hand       |       |       |     1 ||     1
    Use: Potion            |       |     4 |     2 ||     6
         Scroll            |       |     2 |       ||     2
   Stab: Sleeping          |     1 |       |       ||     1
 Armour: Animal skin       |    28 |       |       ||    28
         Leather armour    |     7 |       |       ||     7
         Ring mail         |     4 |    33 |    51 ||    88
         Scale mail        |       |    44 |    67 ||   111
         Skin              |       |     1 |       ||     1
         Chain mail        |       |       |   126 ||   126
  Dodge: Dodged            |    45 |    80 |   124 ||   249
